[Event "*** Titled Tuesday Blitz"]
[Site "Chess.com"]
[Date "2020.12.29"]
[Round "8"]
[White "EugeneRougon"]
[Black "rychessmaster1"]
[Result "1-0"]
[WhiteElo "2757"]
[BlackElo "2568"]
[TimeControl "180+1"]
[EndTime "11:28:23 PST"]
[Termination "EugeneRougon won by checkmate"]

1. e4 c6 2. d4 d5 3. Nc3 dxe4 4. Nxe4 Nf6 5. Nxf6+ exf6 6. c3 Bd6 7. Bd3 O-O 8.
Qc2 Re8+ 9. Ne2 h5 10. Be3 Nd7 11. O-O-O b5 12. Ng3 Nb6 13. Nxh5 Nd5 14. Rde1 Qa5 15. a3 Nxe3 16. Rxe3 Rxe3 17. fxe3 b4 18. cxb4 Qxh5 19. Qxc6 Bb7 20. Qxb7 Rb8 21. Qd7 Qg5 22. Re1 Bxh2 23. Qh3 Bd6 24. Kb1 Qd5 25. Qh7+ Kf8 26. Qh8+ Ke7 27.
Qxg7 a5 28. Rc1 axb4 29. a4 b3 30. Qg4 Qa5 31. Qe4+ Kf8 32. Qc6 Bb4 33. Bb5 Qd8 34.
Qc4 Qd6 35. Qxb3 Ba5 36. Rc6 Qg3 37. Qa3+ Kg7 38. Qd6 Qe1+ 39. Ka2 Qb4 40. Qxf6+ Kf8 41. Qh6+ Ke8 42. Rc4+ Qxb5 43. axb5 Rxb5 44. Qc6+ Ke7 45.
Qxb5 Bc7 46. Rc6 Bd6 47. Qb7+ Kd8 48. Rc8# 1-0

[Event "*** Titled Tuesday Blitz"]
[Site "Chess.com"]
[Date "2020.12.29"]
[Round "8"]
[White "MatyChess1"]
[Black "LimeInTheCoconut"]
[Result "0-1"]
[WhiteElo "2514"]
[BlackElo "2375"]
[TimeControl "180+1"]
[EndTime "11:28:23 PST"]
[Termination "LimeInTheCoconut won on time"]

1. e4 c6 2. Nf3 d5 3. Nc3 dxe4 4. Nxe4 Nf6 5. Qe2 Nxe4 6. Qxe4 Be6 7. c4 Nd7 8. Ng5 Nf6 9. Qf4 Bg4 10. d4 h6 11.
Ne4 Nxe4 12. Qxe4 Qd7 13. Bd3 g6 14. Qe5 Rg8 15. Be3 Bg7 16. Qf4 g5 17. Qg3 Bxd4 18.
O-O O-O-O 19. Bc2 e5 20. h3 Be6 21. Rfd1 c5 22. b4 f5 23. Bxd4 exd4 24. bxc5 Bxc4 25. c6 bxc6 26. Rab1 Qd6 27. Bxf5+ Kc7 28. Qg4 Rge8 29.
Rbc1 Bb5 30. Qf3 Be2 31. Qb3 Bxd1 32. Rxd1 Rb8 33. Qc4 c5 34. Bg4 Re5 35. Bf3 Rbe8 36. g3 Re1+ 37. Rxe1 Rxe1+ 38. Kg2 Qe5 39. Qf7+ Kb6 40.
Qg6+ Qe6 41. Qg7 Ka5 42. Qxa7+ Kb4 0-1

[Event "*** Titled Tuesday Blitz"]
[Site "Chess.com"]
[Date "2020.12.29"]
[Round "8"]
[White "Iball95"]
[Black "szachuspl"]
[Result "0-1"]
[WhiteElo "2603"]
[BlackElo "2497"]
[TimeControl "180+1"]
[EndTime "11:28:24 PST"]
[Termination "szachuspl won on time"]

1. e4 c5 2. Nf3 e6 3. g3 Nc6 4. Bg2 Nf6 5. Qe2 d5 6. exd5 Nxd5 7. O-O Be7 8. Rd1 Bf6 9. Nc3 O-O 10. Ne4 Be7 11.
d4 cxd4 12. Nxd4 Bd7 13. c4 Ndb4 14. Nxc6 Nxc6 15. Be3 Qc7 16. Rac1 Rfd8 17. a3 Be8 18. b4 Rxd1+ 19. Rxd1 Ne5 20. c5 a6 21. Bf4 Bb5 22. Qh5 f6 23. Nd6 g6 24. Nxb5 axb5 25. Qe2 Rxa3 26. Qxb5 g5 27. Qe8+ Bf8 28. Qxe6+ Qf7 29.
Qxf7+ Nxf7 30. Bd2 Rd3 31. Bxb7 Ne5 32. Be4 Rd4 33.
c6 Rxe4 34. c7 Rc4 35. Rc1 Rxc7 36. Rxc7 Nf3+ 37. Kg2 Nxd2 38. b5 Ne4 39. b6 Nc5 40.
b7 Nxb7 41. Rxb7 Bd6 42. g4 h6 43. h3 Bf8 44. Kf3 h5 45. gxh5 f5 0-1

[Event "*** Titled Tuesday Blitz"]
[Site "Chess.com"]
[Date "2020.12.29"]
[Round "8"]
[White "Martins-BR"]
[Black "IMVoja"]
[Result "0-1"]
[WhiteElo "2281"]
[BlackElo "2416"]
[TimeControl "180+1"]
[EndTime "11:28:25 PST"]
[Termination "IMVoja won on time"]

1. e4 e6 2. d4 d5 3. Nc3 Bb4 4. e5 Qd7 5. a3 Bxc3+ 6. bxc3 b6 7. Nf3 Bb7 8. Bd3 Nc6 9. O-O O-O-O 10. Qe2 Kb8 11.
Bb5 f5 12. a4 a5 13. Ba3 h6 14. Rfd1 g5 15. c4 dxc4 16. Bxc4 Nge7 17. Bb5 Nd5 18. c4 Nc3 19. Qe3 Nxd1 20. Rxd1 f4 21. Qe2 g4 22. Ne1 f3 23. Qe3 Qg7 24. Bxc6 Bxc6 25. c5 Ka7 26. cxb6+ cxb6 27. Bd6 Rd7 28. Rb1 Rb7 29.
Qc3 Qd7 30. Nd3 Rc8 31. Qd2 fxg2 32. Nf4 Be4 33. Re1 Bf3 34. Nh5 Qc6 35. Nf6 Qc3 36. Qxc3 Rxc3 37. h3 h5 38. hxg4 hxg4 39. Kh2 b5 40. axb5 Rxb5 41. Kg3 a4 42. Ra1 Ra5 43. Bb4 Rb3 44. Bxa5 Ka6 45. Bd2 a3 0-1

[Event "*** Titled Tuesday Blitz"]
[Site "Chess.com"]
[Date "2020.12.29"]
[Round "8"]
[White "AlessiaSanteramo"]
[Black "03revilo"]
[Result "0-1"]
[WhiteElo "2140"]
[BlackElo "2298"]
[TimeControl "180+1"]
[EndTime "11:28:25 PST"]
[Termination "03revilo won on time"]

1. e4 c5 2. Nf3 d6 3. Bb5+ Nd7 4.
d4 cxd4 5. Qxd4 a6 6. Bxd7+ Bxd7 7. c4 Nf6 8. O-O e6 9. Nc3 Be7 10. Bg5 Bc6 11. Rad1 h6 12. Bh4 O-O 13. Bg3 e5 14. Qd3 Qa5 15. a3 b5 16. cxb5 axb5 17. Nh4 Rfd8 18. Nf5 Bf8 19. Nd5 Bxd5 20. exd5 b4 21. axb4 Qxb4 22. b3 Ra5 23. Ne3 Rb8 24. Rb1 h5 25. h3 g6 26. f4 e4 27. Qd1 Nxd5 28.
Nxd5 Qc5+ 29. Kh2 Qxd5 30. Qe2 f5 31. Rfd1 Qe6 32. b4 Rab5 33. Be1 Bg7 34. Rdc1 d5 35. Qa2 Qf7 36. Bc3 d4 37. Qxf7+ Kxf7 38. Bd2 R8b7 39.
Rc4 e3 40. Be1 Ke6 41. Rc6+ Kd5 42. Rbc1 d3 0-1

[Event "*** Titled Tuesday Blitz"]
[Site "Chess.com"]
[Date "2020.12.29"]
[Round "8"]
[White "Alexandr_Kholin"]
[Black "frederiksvane"]
[Result "1/2-1/2"]
[WhiteElo "2564"]
[BlackElo "2743"]
[TimeControl "180+1"]
[EndTime "11:28:26 PST"]
[Termination "Game drawn by repetition"]

1. d4 Nf6 2. c4 e6 3. Nf3 d5 4.
Nc3 Be7 5. Bf4 O-O 6. a3 Nbd7 7. Nb5 c6 8. Bc7 Qe8 9. Nd6 Bxd6 10. Bxd6 dxc4 11.
Bxf8 Qxf8 12. e3 b5 13. Be2 Bb7 14. O-O Nb6 15. Ne5 c5 16. a4 cxd4 17. exd4 Nxa4 18. Nxc4 Qb4 19. Bf3 Nd5 20. Bxd5 Bxd5 21. Ne3 Rd8 22. Qc2 g6 23. Qc7 Qf8 24. Qxa7 Nxb2 25. Rfb1 Nc4 26. Nxd5 Rxd5 27. Qb7 Nd6 28. Qc6 Kg7 29.
Ra8 Qe7 30. Rba1 Rxd4 31. g3 b4 32. R8a7 Qf6 33. Rd7 Nf5 34. Raa7 Rxd7 35. Qxd7 Nd4 36. Rb7 b3 37. Rb4 e5 38. Qd5 Qf5 39. Kg2 h5 40. h4 Qf6 41. Rb7 Qf5 42. Rb4 Qf6 43. Rb7 Kg8 44.
Rb8+ Kh7 45. Rb4 Kg7 1/2-1/2

[Event "*** Titled Tuesday Blitz"]
[Site "Chess.com"]
[Date "2020.12.29"]
[Round "8"]
[White "LiderChessAcademy"]
[Black "Shepherdboy"]
[Result "0-1"]
[WhiteElo "2601"]
[BlackElo "2375"]
[TimeControl "180+1"]
[EndTime "11:28:26 PST"]
[Termination "Shepherdboy won by resignation"]

1. c4 Nf6 2. Nc3 c5 3. Nf3 Nc6 4. e3 e5 5. d4 exd4 6. exd4 d5 7. Bg5 cxd4 8. Nxd5 Be7 9. Nxe7 Qxe7+ 10. Be2 h6 11. Bh4 Qb4+ 12. Qd2 Qxd2+ 13. Nxd2 O-O 14. Bxf6 gxf6 15.
O-O Re8 16. Bf3 Bf5 17. a3 Ne5 18. Bd5 Re7 19. Rfe1 Rae8 20. h3 Kf8 21. b4 Be6 22. Bxe6 fxe6 23. c5 Nd3 24. Re4 e5 25. g4 Kf7 26.
Nc4 Ke6 27. Rd1 Kd5 28. Nd6 Nb2 29. Rde1 Nd3 30. Nxe8 Rxe8 31. R4e2 Nxe1 32. Rxe1 d3 33. Kf1 Kd4 34. Rd1 e4 35. Ke1 e3 36. fxe3+ Rxe3+ 37. Kf2 Rxh3 38. Rc1 Rh2+ 39. Kg3 Rc2 40. Rf1 d2 41.
Rxf6 Kc3 42. Rd6 Rc1 43. Kf4 d1=Q 44. Rxd1 Rxd1 45. Kf5 Rg1 46. b5 Kb3 47. c6 bxc6 48. bxc6 Rc1 49. Kg6 Rxc6+ 50. Kh7 Kxa3 0-1

[Event "*** Titled Tuesday Blitz"]
[Site "Chess.com"]
[Date "2020.12.29"]
[Round "8"]
[White "No_t_ime_to_die"]
[Black "AlleyOoper"]
[Result "0-1"]
[WhiteElo "2479"]
[BlackElo "2616"]
[TimeControl "180+1"]
[EndTime "11:28:26 PST"]
[Termination "AlleyOoper won by checkmate"]

1. e4 c6 2. d4 d5 3. f3 e6 4. Nc3 Nf6 5. e5 Nfd7 6. f4 c5 7. Nf3 Nc6 8. Be3 a6 9. Qd2 b5 10. dxc5 Bxc5 11. Bxc5 Nxc5 12. Qf2 Qb6 13. Bd3 b4 14.
Ne2 a5 15. O-O Ba6 16. Bxa6 Rxa6 17. c3 Ne4 18. Qxb6 Rxb6 19. c4 dxc4 20. Rac1 c3 21. bxc3 b3 22. axb3 Rxb3 23. Nfd4 Nxd4 24. Nxd4 Rb8 25.
Ra1 Ra8 26. Ra3 Nc5 27. Nb3 Nxb3 28. Rxb3 O-O 29. Ra1 Rfc8 30. Rba3 Rc5 31. g3 g5 32. Kf2 Kg7 33. Ke3 Kg6 34. Kd4 Rd5+ 35. Ke4 Rc8 36. f5+ Kg7 37. fxe6 fxe6 38. Rxa5 Rc4+ 39. Kf3 Rxc3+ 40.
Kg4 Kg6 41. Rxd5 h5+ 42. Kh3 exd5 43. Ra6+ Kf5 44. Rh6 d4 45. e6 Re3 46. Kg2 d3 47.
e7 Rxe7 48. Rd6 Re3 49. Kf2 Re2+ 50. Kf1 Ke4 51. h3 Rh2 52. Rg6 d2 53. Rd6 Ke3 54. Re6+ Kf3 55. Rd6 Rh1# 0-1

[Event "*** Titled Tuesday Blitz"]
[Site "Chess.com"]
[Date "2020.12.29"]
[Round "8"]
[White "ulkaf961"]
[Black "alexgo05"]
[Result "0-1"]
[WhiteElo "2300"]
[BlackElo "2481"]
[TimeControl "180+1"]
[EndTime "11:28:26 PST"]
[Termination "alexgo05 won on time"]

1. d4 e6 2. c4 f5 3. Nc3 Nf6 4. e3 d5 5. Bd3 c6 6. Nf3 Bd6 7. Ne5 O-O 8. f4 Nbd7 9. Qc2 Ne4 10. Rg1 Nxe5 11. dxe5 Bc5 12. cxd5 cxd5 13. Nxe4 dxe4 14. Bc4 Bb4+ 15. Bd2 Qh4+ 16. g3 Qxh2 17. O-O-O Bxd2+ 18. Qxd2 Qxd2+ 19. Rxd2 Rb8 20. g4 b5 21. Bb3 fxg4 22. Rxg4 a5 23. Rd6 Re8 24. a3 Kh8 25. Rg2 Rb7 26.
Rgd2 g6 27. Rd8 Re7 28. R2d6 h5 29. Rxe8+ Rxe8 30. Kd2 Kg7 31. Ke2 g5 32. Kf2 Kg6 33. Bc2 Kf5 34. Rd4 gxf4 35. Rxe4 fxe3+ 36. Rxe3+ Kg5 37. Rg3+ Kf4 38. Re3 Rg8 39. Re4+ Kg5 40. Ke3 Bb7 41. Rd4 Bd5 0-1

[Event "*** Titled Tuesday Blitz"]
[Site "Chess.com"]
[Date "2020.12.29"]
[Round "8"]
[White "platy3"]
[Black "AryanTari"]
[Result "1-0"]
[WhiteElo "2866"]
[BlackElo "2894"]
[TimeControl "180+1"]
[EndTime "11:28:27 PST"]
[Termination "platy3 won on time"]

1. e4 c6 2. Nf3 d5 3. d3 Qc7 4. exd5 cxd5 5. c4 Nf6 6. Nc3 e6 7. a3 Be7 8. g3 Nc6 9. Bg2 O-O 10. O-O a6 11. Bf4 Qb6 12. b4 Bd7 13. Ne5 Nxe5 14. Bxe5 Bc6 15. cxd5 Nxd5 16. Nxd5 Bxd5 17. Qg4 f6 18.
Bxd5 exd5 19. Bd4 Qb5 20. Rfe1 Rf7 21. Rac1 Bf8 22. Rc8 Rxc8 23. Qxc8 Qd7 24. Qa8 g6 25. Re8 Kg7 26. Qd8 Qf5 27. Re3 h5 28. Kg2 h4 29. h3 hxg3 30. Rxg3 Qe6 31. Rf3 Be7 32. Qb8 Bd6 33. Qd8 Be5 34. Re3 Qf5 35. Bxe5 fxe5 36. Qh4 d4 37. Re4 Qf3+ 38. Kg1 Qxd3 39. Rxe5 Qd1+ 40.
Kg2 Qf3+ 41. Kg1 d3 42. Qd4 Qd1+ 43. Kg2 Qf3+ 44. Kg1 Qd1+ 45. Re1+ 1-0

[Event "*** Titled Tuesday Blitz"]
[Site "Chess.com"]
[Date "2020.12.29"]
[Round "8"]
[White "IMUffeVinther-Schou"]
[Black "mbachez"]
[Result "0-1"]
[WhiteElo "2401"]
[BlackElo "2554"]
[TimeControl "180+1"]
[EndTime "11:28:27 PST"]
[Termination "mbachez won on time"]

1. e4 e6 2. d4 d5 3. e5 c5 4. c3 Nc6 5. Nf3 Qb6 6. Be2 Nge7 7.
Na3 cxd4 8. cxd4 Nf5 9. Nc2 Bb4+ 10. Kf1 Be7 11. h4 f6 12. g4 Nh6 13. exf6 Bf8 14.
Bxh6 gxh6 15. Ne5 Nxe5 16. dxe5 Bc5 17. Rh2 Bd7 18. b4 Bf8 19. a4 Rc8 20. Bd3 Qc7 21. f4 Qc3 22. Ra3 Qb2 23. Qa1 Qxa1+ 24. Rxa1 Rg8 25.
g5 Rh8 26. Ke2 Kd8 27. Kd2 Be8 28. Ra3 a5 29. Bb5 axb4 30. Rb3 Bg6 31. Bd3 Be8 32. Nxb4 Bxa4 33. Rb2 Bc5 34. Rh1 Bd4 35. Ra2 Bb3 36. Ra3 Bc3+ 37. Ke2 Bxb4 38. Rxb3 Bc5 39. Rxb7 Ra8 40. Rhb1 Kc8 41. Ba6 Rxa6 42. Rb8+ Kc7 43.
Rxh8 Ra2+ 44. Kd3 Ra3+ 45. Kc2 Rf3 0-1

[Event "*** Titled Tuesday Blitz"]
[Site "Chess.com"]
[Date "2020.12.29"]
[Round "8"]
[White "viktorko131"]
[Black "esteban062000"]
[Result "0-1"]
[WhiteElo "2065"]
[BlackElo "2194"]
[TimeControl "180+1"]
[EndTime "11:28:27 PST"]
[Termination "esteban062000 won on time"]

1. e4 c5 2. Nf3 g6 3. d4 cxd4 4. Nxd4 Nc6 5. Nc3 Bg7 6. Be3 Nf6 7. Bc4 O-O 8. Bb3 d6 9. f3 Qa5 10. Qd2 Nxd4 11. Bxd4 Nd7 12. Bxg7 Kxg7 13. h4 h5 14. O-O-O Nc5 15. Qd4+ Kg8 16. Nd5 Nxb3+ 17. axb3 Re8 18. b4 Qd8 19. g4 hxg4 20. h5 e5 21. Qe3 g5 22. fxg4 Be6 23. h6 Bxd5 24. Rxd5 Qf6 25. Rh5 Qf1+ 26. Rd1 Qf4 27. Rxg5+ Kh7 28. Qxf4 exf4 29. Rxd6 Rg8 30. Rf5 Rxg4 31. Rxf7+ Kh8 32. Kd2 Rc8 33. Rdd7 Rg2+ 34. Kd3 Rg3+ 35. Kd4 Rxc2 36.
Rxb7 Rd2+ 37. Ke5 f3 38. Rh7+ Kg8 39. Rhc7 Kh8 40. Rc8+ Rg8 41. Rxg8+ Kxg8 42. Kf6 Rd6+ 43. Kg5 f2 44. h7+ Kh8 45. Rb8+ Kxh7 46. Rf8 Rg6+ 47.
Kh4 Rh6+ 48. Kg3 Kg7 49. Rxf2 Rb6 50. Rc2 Kg6 51. Kf4 Rxb4 0-1

[Event "*** Titled Tuesday Blitz"]
[Site "Chess.com"]
[Date "2020.12.29"]
[Round "8"]
[White "olksuna"]
[Black "Beca95"]
[Result "0-1"]
[WhiteElo "2641"]
[BlackElo "2829"]
[TimeControl "180+1"]
[EndTime "11:28:28 PST"]
[Termination "Beca95 won on time"]

1. e4 g6 2. d4 Bg7 3. Nf3 d6 4. Bc4 Nf6 5. Qe2 O-O 6. e5 Nfd7 7. h3 Nc6 8. e6 Nb6 9. exf7+ Kh8 10. Bb3 Nxd4 11.
Nxd4 Bxd4 12. O-O e6 13. Bxe6 Bxe6 14. Qxe6 Qf6 15. Qxf6+ Bxf6 16. c3 Rxf7 17. Nd2 Re8 18. Nf3 Kg7 19. a4 a6 20. a5 Nc4 21. Ra4 d5 22.
Rb4 c6 23. Bg5 Nxa5 24. Bxf6+ Kxf6 25. b3 c5 26. Rb6+ Nc6 27. b4 cxb4 28. cxb4 Re4 29. Rb1 Rd7 30. b5 axb5 31. R1xb5 Ree7 32. Nd4 Rd6 33. Nf3 d4 34. Rxb7 Rxb7 35. Rxb7 d3 36. Nd2 Re6 37. f3 Re1+ 38. Kh2 h6 39. Rd7 Ne5 40.
Rd6+ Ke7 41. Rd5 Re2 42. Ne4 Nxf3+ 43. Kg3 Ne1 44. Nf2 d2 45. Rd4 g5 46. Rd5 Ke6 47.
Rd8 Kf5 48. Rf8+ Kg6 49. Rg8+ Kf7 50. Rd8 h5 51. h4 gxh4+ 0-1

[Event "*** Titled Tuesday Blitz"]
[Site "Chess.com"]
[Date "2020.12.29"]
[Round "8"]
[White "javirec"]
[Black "dopolian"]
[Result "0-1"]
[WhiteElo "2374"]
[BlackElo "2462"]
[TimeControl "180+1"]
[EndTime "11:28:28 PST"]
[Termination "dopolian won by resignation"]

1. e4 c5 2. Nf3 Nc6 3. d4 cxd4 4.
Nxd4 e5 5. Nb5 d6 6. a4 a6 7.
N5a3 Nf6 8. Nc3 Be7 9. Bc4 O-O 10. O-O Be6 11. Be3 Rc8 12. Qe2 Qa5 13. Rfd1 Rfd8 14.
Rd2 Nxe4 15. Bxe6 Nxc3 16. bxc3 fxe6 17. Qg4 Qxc3 18. Qxe6+ Kh8 19. Rdd1 d5 20. Bb6 Re8 21. Qxd5 Bxa3 22. Rab1 Qxc2 23. Be3 Qxa4 24. Qf7 Qg4 25. h3 Qg6 26. Qxb7 Nd4 27. Re1 Nc2 28. Rf1 Nxe3 29. fxe3 Bc5 30. Qf3 Rf8 31. Qe2 Rxf1+ 32. Rxf1 h6 33.
Qf3 Rf8 34. Qe2 Rxf1+ 35. Kxf1 Qf5+ 36. Ke1 Qb1+ 37. Kf2 Qe4 38. g4 Qxe3+ 39. Qxe3 Bxe3+ 40. Kxe3 Kh7 41. Ke4 Kg6 42. h4 a5 43. Kxe5 a4 44.
Kd4 a3 45. Kc3 h5 46. gxh5+ Kxh5 47. Kb3 Kxh4 48. Kxa3 g5 49. Kb3 g4 50. Kc3 g3 51.
Kd3 g2 52. Ke2 g1=Q 0-1

[Event "*** Titled Tuesday Blitz"]
[Site "Chess.com"]
[Date "2020.12.29"]
[Round "8"]
[White "BobbySteen89"]
[Black "Carnivoras"]
[Result "0-1"]
[WhiteElo "2120"]
[BlackElo "2571"]
[TimeControl "180+1"]
[EndTime "11:28:28 PST"]
[Termination "Carnivoras won by resignation"]

1. e4 e5 2. Nf3 Nc6 3. Nc3 Bc5 4. g3 d6 5. Bg2 Bg4 6. d3 Qd7 7. Nd5 O-O-O 8. Be3 f5 9. Bxc5 dxc5 10. h3 Bh5 11. Qd2 Bf7 12. Ng5 Bxd5 13. exd5 Nce7 14.
Ne6 Re8 15. Nxg7 Rf8 16. Ne6 Rf6 17. c4 Qd6 18. Qg5 Rg6 19. Qd2 Nf6 20. b4 cxb4 21.
Ke2 Nexd5 22. cxd5 Nxd5 23. Bxd5 Qxd5 24. Nxc7 Kxc7 25.
Rhc1+ Kb8 26. Qxb4 Rd8 27. Rc3 Rb6 28. Qc4 Qd6 29. Rac1 a6 30. Qc7+ Qxc7 31. Rxc7 Rd5 32. Rc8+ Ka7 33. R1c2 Rbd6 34. R2c3 Ra5 35. Rc2 Rd4 36. Rh8 Rda4 37. Rxh7 Rxa2 38. Rxa2 Rxa2+ 39. Ke3 a5 40. h4 a4 41. Rc7 Ra1 42. Rc4 b5 43.
Rb4 Kb6 44. h5 Kc5 45. Rh4 a3 46. h6 a2 47. h7 Re1+ 48. Kf3 a1=Q 49. h8=Q Qd1+ 50.
Kg2 Rg1+ 51. Kh2 Rh1+ 52. Kg2 Qf1+ 53. Kf3 Qxd3+ 54. Kg2 Qf1+ 55. Kf3 e4+ 56. Kf4 Qxf2+ 57. Ke5 Qd4+ 58. Ke6 Qxh8 59. Rxh8 Rxh8 0-1

[Event "*** Titled Tuesday Blitz"]
[Site "Chess.com"]
[Date "2020.12.29"]
[Round "8"]
[White "norwaytoadog"]
[Black "zurzan"]
[Result "1/2-1/2"]
[WhiteElo "2181"]
[BlackElo "2052"]
[TimeControl "180+1"]
[EndTime "11:28:28 PST"]
[Termination "Game drawn - insufficient material"]

1. e4 Nf6 2. e5 Nd5 3. d4 d6 4. Nf3 g6 5. Bc4 Nb6 6. Bb3 Bg7 7. Qe2 O-O 8. O-O dxe5 9. dxe5 Nc6 10. Rd1 Qe8 11. a4 Bg4 12. a5 Nd7 13. e6 Nde5 14. exf7+ Nxf7 15. h3 Bxf3 16. Qxf3 Kh8 17. c3 e5 18. Be3 e4 19. Qg4 Nh6 20. Qd7 Qe5 21. Qd5 Qf6 22. a6 Rad8 23. Qc4 Rxd1+ 24.
Bxd1 bxa6 25. Rxa6 Ne5 26. Rxf6 Nxc4 27. Rxf8+ Bxf8 28. Bd4+ Bg7 29. Be2 Nxb2 30. Bxa7 Nd3 31. Kf1 Nf5 32. Bxd3 exd3 33. Ke1 Nh4 34. Kd2 Nxg2 35.
Kxd3 Nf4+ 36. Ke4 Nxh3 37. c4 h5 38. Nd2 Kg8 39. Nf3 Kf7 40. Be3 Ke6 41. c5 Bf6 42. Bh6 Nxf2+ 43. Kf4 Ng4 44. Bg5 Bxg5+ 45. Kxg5 Kd5 46. Kxg6 Kxc5 47. Kxh5 Ne3 48. Kg5 Kd5 49. Kf4 Nd1 50. Nd2 c5 51. Kf3 Nb2 52. Ke2 Nc4 53. Nb3 Ne5 54. Nxc5 1/2-1/2

[Event "*** Titled Tuesday Blitz"]
[Site "Chess.com"]
[Date "2020.12.29"]
[Round "8"]
[White "Ladislav1969"]
[Black "vrekhson"]
[Result "1/2-1/2"]
[WhiteElo "2396"]
[BlackElo "2247"]
[TimeControl "180+1"]
[EndTime "11:28:29 PST"]
[Termination "Game drawn - insufficient material"]

1. e4 c5 2. d4 cxd4 3. c3 d5 4. exd5 Qxd5 5. cxd4 Nf6 6. Nc3 Qd6 7. Nf3 Bg4 8. Be2 e6 9. O-O Nc6 10. Be3 Be7 11.
Rc1 O-O 12. a3 Rfd8 13. h3 Bh5 14. Qa4 Rac8 15. Rfd1 Nd5 16. Nxd5 Qxd5 17. Rc5 Bxc5 18. dxc5 Qa2 19. Rxd8+ Rxd8 20. Qb5 Rd7 21. Kh2 Qb1 22. b4 Bg6 23. Qc4 Bd3 24. Bxd3 Qxd3 25. Qf4 f6 26. a4 e5 27. Qg4 Ne7 28. Qe6+ Kf8 29. Bh6 Qd5 30. Qxf6+ Ke8 31. Bxg7 Ng6 32. Nxe5 Qxe5+ 33. Qxe5+ Nxe5 34. Bxe5 a5 35. bxa5 Rd5 36. Bc7 Rxc5 37.
Bb6 Rc4 38. g4 Rxa4 39. Kg3 Kf7 40. f4 Ra3+ 41. Kh4 Rb3 42. g5 Kg6 43. Kg4 Rb4 44. h4 h5+ 45. gxh6 Kxh6 46. Kf5 Kh5 47. Ke6 Rxf4 48. Bc7 Rxh4 49. Kd7 Rb4 50. Kc8 Kg6 51. Bb6 Kf7 52. Kxb7 Ra4 53. a6 Ke6 54. a7 Rxa7+ 55. Kxa7 1/2-1/2

[Event "*** Titled Tuesday Blitz"]
[Site "Chess.com"]
[Date "2020.12.29"]
[Round "8"]
[White "guillembaches"]
[Black "Morshynska"]
[Result "1/2-1/2"]
[WhiteElo "2461"]
[BlackElo "2239"]
[TimeControl "180+1"]
[EndTime "11:28:30 PST"]
[Termination "Game drawn - insufficient material"]

1. e4 e5 2. Nf3 Nc6 3. Nc3 Nf6 4. d4 Bb4 5. Nxe5 Qe7 6. Qd3 Nxe5 7. dxe5 Qxe5 8. Bd2 Bxc3 9. Bxc3 Qxe4+ 10. Qxe4+ Nxe4 11. Bxg7 Rg8 12. Bh6 d5 13. f3 Nc5 14. Kf2 Bf5 15. Be3 Ne6 16. c3 a6 17. g4 Bg6 18. h4 h5 19. Bh3 O-O-O 20. Rhg1 Kb8 21. Rad1 b6 22. gxh5 Bxh5 23. Rxg8 Rxg8 24. Rxd5 Rh8 25. a4 a5 26. b4 axb4 27. cxb4 Kb7 28. a5 Bg6 29. Bxe6 fxe6 30. Rg5 Bc2 31. axb6 cxb6 32. Rb5 Rxh4 33. Rxb6+ Kc7 34.
b5 Bb3 35. Rc6+ Kb7 36. Rc3 Bd5 37. Bg5 Rb4 38. Be3 Rxb5 39. Rc1 Rb2+ 40. Kg3 Rb3 41.
Kf2 Rb2+ 42. Kg3 Rb3 43. Re1 Kc6 44. Kf4 Kd6 45. Rc1 Rb4+ 46. Kg3 Ke5 47. Bf2 Rb3 48. Re1+ Kf5 49. Re3 Rxe3 50. Bxe3 e5 51. f4 exf4+ 52. Bxf4 1/2-1/2

[Event "*** Titled Tuesday Blitz"]
[Site "Chess.com"]
[Date "2020.12.29"]
[Round "8"]
[White "Tekushka"]
[Black "Piacramling"]
[Result "1/2-1/2"]
[WhiteElo "2407"]
[BlackElo "2247"]
[TimeControl "180+1"]
[EndTime "11:28:32 PST"]
[Termination "Game drawn by repetition"]

1. e4 c5 2. Nf3 a6 3. c3 d5 4.
exd5 Qxd5 5. d4 Nf6 6. Be3 cxd4 7. cxd4 e6 8. Nc3 Qd6 9. Bd3 Be7 10. O-O O-O 11.
Bc2 b5 12. Qd3 Bb7 13. Ne5 Nc6 14. Ng4 g6 15. Nxf6+ Bxf6 16. Ne4 Qe7 17. Nxf6+ Qxf6 18. a3 Rfd8 19. Rad1 Rd7 20. Rd2 Rad8 21. Rfd1 Ne7 22. Qe2 Nf5 23. Bxf5 exf5 24. f3 f4 25. Bf2 Bd5 26.
Re1 Rc8 27. Qd1 Rdc7 28. Qe2 Rc1 29. h4 Rxe1+ 30. Qxe1 h5 31. Qe5 Rc1+ 32. Kh2 Qxe5 33. dxe5 Be6 34. Bd4 Rc4 35. Bc3 Kh7 36. Kg1 Ra4 37.
Kf2 a5 38. Rd8 b4 39. axb4 axb4 40. Rd4 Ra1 41. Rxb4 Rh1 42. Rxf4 Rd1 43. Rd4 Rb1 44. Rd2 Rh1 45. Kg3 Rb1 46. b4 Rb3 47. Rc2 Bf5 48.
Rc1 Be6 49. Kf4 Kh6 50. Ke3 Kh7 51. Kd4 Ra3 52. Ke3 Ra2 53. Bd2 Rb2 54. Rc7 Rb3+ 55. Kf2 Rb2 56. Ke3 Rb3+ 57. Kf4 Rb2 58. Ke3 1/2-1/2

[Event "*** Titled Tuesday Blitz"]
[Site "Chess.com"]
[Date "2020.12.29"]
[Round "8"]
[White "Makswolf200817"]
[Black "Pantata007"]
[Result "0-1"]
[WhiteElo "2410"]
[BlackElo "2309"]
[TimeControl "180+1"]
[EndTime "11:28:33 PST"]
[Termination "Pantata007 won by resignation"]

1. Nf3 d5 2. e3 Nf6 3. c4 c6 4. Nc3 e6 5. b3 Nbd7 6. Bb2 Be7 7.
d4 O-O 8. Bd3 b6 9. O-O Bb7 10. e4 dxe4 11. Nxe4 Nxe4 12. Bxe4 Nf6 13. Bc2 c5 14. dxc5 Bxc5 15. Ne5 Qxd1 16. Raxd1 Rad8 17. a3 a5 18. Nd3 Bd4 19. Bc1 Be4 20. b4 h6 21.
bxa5 bxa5 22. Bd2 Bxd3 23. Bxd3 Bxf2+ 24. Kxf2 Rxd3 25. Bxa5 Rxa3 26. Bb4 Ra2+ 27. Kg1 Rb8 28. Be7 Rbb2 29. Kh1 Rxg2 30. Bd6 Ne4 31. Be5 Rgc2 32. Rd8+ Kh7 33. Rd7 f6 34. Bb8 Rxc4 35. Rg1 Nf2+ 36. Kg2 Rg4+ 37. Bg3 h5 38. Kf3 Ne4 39. Rc1 Ra3+ 40. Ke2 Nxg3+ 41. hxg3 Rgxg3 42. Rcc7 Ra2+ 43. Kf1 h4 44. Rc4 h3 45. Rd8 Kg6 46. Rh8 e5 47.
Rg8 Rb3 48. Rc1 h2 49. Rh8 Kf5 50. Rh5+ Ke6 51. Rc6+ Kd7 52. Rc1 Rg3 53. Rd1+ Ke6 54. Rxh2 Rxh2 0-1

[Event "*** Titled Tuesday Blitz"]
[Site "Chess.com"]
[Date "2020.12.29"]
[Round "8"]
[White "chessmachine14"]
[Black "ViktoriyaTarasova"]
[Result "1-0"]
[WhiteElo "2259"]
[BlackElo "2339"]
[TimeControl "180+1"]
[EndTime "11:28:33 PST"]
[Termination "chessmachine14 won on time"]

1. e4 e5 2. Nf3 Nc6 3. g3 Nf6 4. Bg2 Bc5 5. O-O O-O 6. d3 h6 7. Nc3 d6 8. a3 a6 9. b4 Ba7 10. Bb2 Ne7 11. Ne2 Bg4 12. h3 Bxf3 13. Bxf3 Ng6 14.
d4 Re8 15. Qd3 Qe7 16. Bg2 Rad8 17. Rfe1 c5 18. c3 Rc8 19. Rad1 Red8 20. f4 c4 21. Qd2 b5 22. Kh2 exf4 23. Nxf4 Nxf4 24. Qxf4 d5 25. e5 Ne8 26. Bc1 Nc7 27. Qg4 Kh8 28. Rf1 Ne6 29. Qh5 Kg8 30. Bf3 Nf8 31. Bg4 Rc7 32.
Rf2 Ng6 33. Rdf1 Nh8 34. Bf5 Rc6 35. e6 fxe6 36. Bc2 e5 37. Qf5 e4 38. Bd1 Rf6 39. Qg4 Rdf8 40. Rxf6 Rxf6 41. Rxf6 Qxf6 42. Bf4 Kh7 43. Qd7 Qf7 44. Qd6 g5 45. Be3 Ng6 46. Bh5 Kg7 47. Kg2 1-0

[Event "*** Titled Tuesday Blitz"]
[Site "Chess.com"]
[Date "2020.12.29"]
[Round "8"]
[White "Abdimalik_Abdisalimov"]
[Black "glebus008"]
[Result "0-1"]
[WhiteElo "2412"]
[BlackElo "2248"]
[TimeControl "180+1"]
[EndTime "11:28:34 PST"]
[Termination "glebus008 won on time"]

1. d4 d5 2. c4 e6 3. Nf3 c6 4.
g3 dxc4 5. Bg2 b5 6. Ne5 Bb7 7.
a4 Qc8 8. b3 cxb3 9. Qxb3 Nd7 10.
axb5 cxb5 11. Bxb7 Qxb7 12. O-O Nxe5 13. dxe5 Be7 14. Be3 Nh6 15. Bxh6 gxh6 16. Nc3 a6 17.
Rfb1 O-O 18. Qc2 Rfc8 19. Qd2 Bf8 20. Rc1 Rc4 21. f3 Rac8 22. Ne4 Rxc1+ 23. Rxc1 Rxc1+ 24. Qxc1 Bg7 25. Nf6+ Bxf6 26. exf6 Qb8 27. Qxh6 Qf8 28.
Qg5+ Kh8 29. Kf2 h6 30. Qe3 b4 31. Qb6 Kh7 32. Qxa6 Qc5+ 33. Kg2 Kg6 34. Qa1 Qc3 35. Qb1+ Kxf6 36. h4 b3 37. g4 b2 38. g5+ hxg5 39. hxg5+ Kxg5 40. Qe4 Qc1 41. Qg4+ Kf6 42. Qh4+ Ke5 43.
Qh5+ Kf6 0-1